 Dungeon Crawl Stone Soup version 0.31.0-12-g77e489cdc1 (console) character file.

Game seed: 4040324753315853669

62080 Banquo the Warrior (level 15, -12/96 HPs)
             Began as a Djinni Air Elementalist on Feb 16, 2024.
             Was the Champion of Makhleb.
             Collided with a translucent stone wall (13 damage)
             ... after being knocked back by a wretched star
             ... in a Gauntlet.
             The game lasted 01:41:33 (18665 turns).

Banquo the Warrior (Djinni Air Elementalist)       Turns: 18665, Time: 01:41:38

Health: -12/96     AC:  6    Str: 10    XL:     15   Next: 44%
Gold:   1517       EV: 20    Int: 23    God:    Makhleb [******] SH:  0 Dex: 15

rFire   + + .        a - staff of cold
rCold   . . .        (no shield)
rNeg    . . .        d - +0 troll leather armour
rPois   ∞            h - +0 helmet "Qoppa" {Regen+ Str+3}
rElec   .            e - +0 cloak
rCorr   .            (no gloves)
SInv    +            (boots unavailable)
Will    +....        m - amulet of regeneration
Stlth   ++           V - +5 ring of evasion
HPRegen 2.76/turn    S - ring of see invisible
MPRegen 0.00/turn

%: no teleportation, random rage (9%), infuse magic (-13 HP)
@: flying
A: sickness immunity, fire resistance 2, cold vulnerability 1, float, innate
caster, HP casting, extra vitality 1, [berserk 2], [frail 2], [subdued magic 2]
a: Renounce Religion, Minor Destruction, Lesser Servant of Makhleb, Major
Destruction, Greater Servant of Makhleb


You were in a Gauntlet.
You worshipped Makhleb.
Makhleb was exalted by your worship.
You visited 2 branches of the dungeon, and saw 17 of its levels.
You also visited: Bailey, Gauntlet and Volcano.

You collected 1517 gold pieces.

Inventory:

Hand Weapons
 b - a +3 dagger of venom
 g - a +1 antimagic mace
 n - a +2 vampiric rapier
 Q - a +0 spear of flaming
Armour
 d - a +0 troll leather armour (worn)
 e - a +0 cloak (worn)
 h - the +0 helmet "Qoppa" (worn) {Regen+ Str+3}
   (You found it on level 2 of the Dungeon)

   Str+3:     It affects your strength (+3).
   Regen+:    It increases your rate of health regeneration.
 R - +0 acid dragon scales
Magical Staves
 a - a staff of cold (weapon)
Jewellery
 m - an amulet of regeneration (around neck)
 C - a ring of protection from cold
 H - a ring of resist corrosion
 S - a ring of see invisible (right hand)
 V - a +5 ring of evasion (left hand)
 W - a ring of protection from cold
Wands
 y - a wand of mindburst (3)
 B - a wand of roots (24)
 P - a wand of flame (6)
Scrolls
 c - 2 scrolls of summoning
 k - a scroll of revelation
 l - 8 scrolls of teleportation {unknown}
 o - 4 scrolls of enchant armour {unknown}
 q - a scroll of amnesia {unknown}
 u - 4 scrolls of fog {unknown}
 v - 2 scrolls of blinking {unknown}
 x - 3 scrolls of fear {unknown}
 A - a scroll of torment {unknown}
 F - 2 scrolls of brand weapon {unknown}
 L - 2 scrolls of vulnerability {unknown}
 X - 3 scrolls of poison {unknown}
Potions
 f - 2 potions of might
 i - 2 potions of heal wounds
 j - 8 potions of haste
 p - 2 potions of invisibility {unknown}
 r - a potion of ambrosia {unknown}
 s - 2 potions of enlightenment {unknown}
 t - a potion of mutation
 w - 3 potions of brilliance
 G - a potion of cancellation
 I - 2 potions of resistance
 J - a potion of berserk rage {unknown}
 M - 6 potions of curing


   Skills:
 - Level 15.4 Fighting
 - Level 8.0 Armour
 - Level 8.0 Dodging
 - Level 1.5 Stealth
 * Level 4.5 Shields
 * Level 12.9 Spellcasting
 * Level 12.9 Conjurations
 * Level 12.9 Hexes
 * Level 12.9 Summonings
 * Level 12.9 Necromancy
 * Level 12.9 Translocations
 * Level 12.9 Fire Magic
 * Level 12.9 Ice Magic
 * Level 12.9 Air Magic
 * Level 12.9 Earth Magic
 * Level 12.9 Alchemy
 - Level 12.0 Invocations


You knew the following spells:

 Your Spells              Type           Power      Damage    Failure   Level
a - Shock                 Conj/Air       100%       1d9       0%          1
b - Eringya's Noxious Bo  Alch           23%        4d6       2%          6
d - Static Discharge      Conj/Air       92%        3-7/arc   0%          2
e - Apportation           Tloc           92%        N/A       0%          1
f - Summon Forest         Summ/Tloc      23%        N/A       1%          5
l - Lee's Rapid Deconstr  Erth           23%        3d13*     1%          5
t - Teleport Other        Tloc           46%        N/A       1%          3
z - Airstrike             Air            23%        2d(4-20)  1%          4
B - Blink                 Tloc           92%        N/A       0%          2
K - Inner Flame           Hex/Fire       46%        N/A       1%          3
M - Swiftness             Air            46%        N/A       1%          3
Your spell library was empty.

Dungeon Overview and Level Annotations

Branches:
Dungeon (12/15)            Temple (0/1) D:5            Lair (5/5) D:9
  Swamp (0/4) Lair:3       Spider (0/4) Lair:3        Slime (0/5) Lair:5
    Orc (0/2) D:9          Bailey (visited)         Volcano (visited)
Gauntlet (1/1)

Altars:
Ashenzari
Gozag
Hepliaklqana
Makhleb
Nemelex Xobeh
Okawaru
Ru
Yredelemnul
Zin
The Shining One
Jiyva

Annotations:
Gauntlet 11 transporters, 1 runed translucent door


Innate Abilities, Weirdness & Mutations

You are immune to sickness and miasma.
You are immune to poison.
Your flesh is very heat resistant. (rF++)
You are vulnerable to cold. (rC-)
You float through the air rather than walking.
You learn spells naturally, not from books.
Your magical power is your life essence.
You have superior vitality. (+4 MHP)
[You have an uncontrollable temper.]
[You are very frail. (-20% HP)]
[Your spells are easier to cast, but less powerful.]


Message History

The blast of rock fragments hits the wretched star but does no damage.
The wretched star is severely damaged.
The wretched star glows turbulently.
The lance of force hits you!
You are knocked back by the lance of force.
You slam into the translucent stone wall!
Casting: Lee's Rapid Deconstruction (mildly dangerous; 1% risk of failure)
Confirm with . or Enter, or press ? or * to list all spells.
Aiming: Lee's Rapid Deconstruction (mildly dangerous; 1% risk of failure)
Press: ? - help, Dir - move target A translucent stone wall.
The wall shatters!
The blast of rock fragments hits the wretched star but does no damage.
The wretched star is severely damaged.
* * * LOW HITPOINT WARNING * * *
The wretched star pulses with an eldritch light!
You feel frail. x2
Unknown command.
Casting: Lee's Rapid Deconstruction (mildly dangerous; 1% risk of failure)
Confirm with . or Enter, or press ? or * to list all spells.
Aiming: Lee's Rapid Deconstruction (mildly dangerous; 1% risk of failure)
Press: ? - help, Dir - move target A translucent stone wall.
The wall shatters!
The blast of rock fragments hits the wretched star but does no damage.
The wretched star is severely damaged.
The wretched star glows turbulently.
The lance of force hits you!
* * * LOW HITPOINT WARNING * * *
You are knocked back by the lance of force.
You slam into the translucent stone wall!
* * * LOW HITPOINT WARNING * * *
Unknown command.
You feel much better.
The wretched star glows turbulently.
The lance of force hits you!!
* * * LOW HITPOINT WARNING * * *
You are knocked back by the lance of force.
You slam into the translucent stone wall!
You die...

.......##©##.....#.........≈#
.......#.##.###..#........###
#§#§#..#.#.##.##.#..#§#≈#≈#
#####..#.#*#.#.#.#..#######
#≈..#.#.#©#.#.#..≈#
#####..#.#.#.#.#.#..#######
#≈#≈#..#.##.##.#*#..#≈#≈#§#
..§....#..###.##.#........###
.§.....#.....##)@#.........≈#
#########################..###
#...........©...........#...≈#
#.©.........©.........©.#...###
###########################..§#
?#©#.##.#[..©##.#.#555©?..#..##
#!#.#.#.##..##..#.#.#^.^#.#..≈#
.#^#.##.###.#...#.#.#...#.#..##
#©#.#w#.#©##.##.#.#.##©##.#..§#


You could see a wretched star and 3 shadow imps.

Vanquished Creatures
  An orc warlord (Bailey)
  Josephine (D:11)
  An ogre mage (Volcano)
  4 hydras
  A catoblepas (Gauntlet)
  4 two-headed ogres
  2 boulder beetles
  A death yak (Lair:5)
  A hell knight (Volcano)
  Urug (Lair:2)
  A skyshark (Lair:5)
  4 skeletal warriors (D:11)
  Pikel (D:4)
  A bog body (Lair:3)
  A lindwurm (Lair:5)
  An obsidian statue (Volcano)
  A necromancer (D:9)
  A manticore (D:12)
  An ugly thing (D:12)
  12 elephants (Lair:5)
  2 torpor snails (Lair:5)
  Joseph (D:7)
  4 gargoyles
  8 black mambas
  Maggie (D:7)
  4 rime drakes
  14 cane toads
  8 komodo dragons
  A hornet (Lair:5)
  4 polar bears
  A troll (D:12)
  23 blink frogs
  Grinder (D:4)
  11 dream sheep
  2 culicivoras (Lair:3)
  7 wyverns
  Sigmund (D:6)
  2 shadows (D:10)
  4 fire bats (Volcano)
  3 wraiths
  18 yaks
  A warg (D:9)
  3 basilisks
  4 vampire mosquitoes (D:11)
  3 steam dragons
  Edmund (D:5)
  A swamp worm (Lair:3)
  16 water moccasins
  2 acid dragons (D:10)
  3 black bears
  An ice beast (D:7)
  10 orc warriors
  An ogre (D:7)
  2 sky beasts (D:7)
  A small abomination (Gauntlet)
  8 centaurs
  9 wolves
  2 phantoms
  2 lemures (D:4)
  2 kobold brigands
  10 bullfrogs
  A gnoll sergeant (D:8)
  3 scorpions
  A wight (D:8)
  8 killer bees
  3 electric eels (Lair:3)
  6 howler monkeys
  A hound (D:6)
  5 lava snakes (Volcano)
  2 bombardier beetles
  A gnoll bouda (D:6)
  3 jellies
  7 orc priests
  4 iguanas
  13 orc wizards
  A sleepcap (D:8)
  2 yak simulacra (D:9)
  4 polar bear simulacra (D:9)
  2 wolf simulacra (D:9)
  16 gnolls
  4 adders
  A white imp (D:7)
  A nameless horror (D:11)
  2 ribbon worms (D:2)
  54 orcs
  6 ball pythons
  2 endoplasms (D:1)
  A giant cockroach (D:2)
  21 goblins
  18 hobgoblins
  5 jackals
  3 quokkas
  6 bats
  3 frilled lizards
  11 kobolds
  4 rats
  3 river rat simulacra (D:9)
471 creatures vanquished.

Vanquished Creatures (collateral kills)
  2 death yaks (Lair:5)
  A skeletal warrior (D:11)
  7 elephants (Lair:5)
  A black mamba (Lair:5)
  A rime drake (Lair:5)
  A komodo dragon (Lair:5)
  A hornet (Lair:5)
  2 blink frogs (Lair:3)
  2 dream sheep (Lair:5)
  3 wraiths (D:11)
  6 yaks
  3 wolves
  A bullfrog (Lair:4)
31 creatures vanquished.

Vanquished Creatures (others)
  A two-headed ogre (Volcano)
  3 snaplasher vines
4 creatures vanquished.

Grand Total: 506 creatures vanquished

Notes
Turn   | Place    | Note
-------+----------+-------------------------------------------
     0 | D:1      | Banquo the Djinni Air Elementalist began the quest for the
                  | Orb.
     0 | D:1      | Banquo set off with the following spells memorised: Shock,
                  | Static Discharge, Swiftness, Airstrike.
     0 | D:1      | Reached XP level 1. HP: 15/15 MP: 0/0
    44 | D:1      | Found a faded altar of an unknown god.
   184 | D:1      | Reached XP level 2. HP: 16/22 MP: 0/0
   237 | D:1      | Reached skill level 1 in Fighting
   534 | D:1      | Reached XP level 3. HP: 27/27 MP: 0/0
   534 | D:1      | Learned a level 1 spell: Apportation
   922 | D:2      | Identified the +0 helmet "Qoppa" {Regen+ Str+3}
  1145 | D:2      | Reached skill level 2 in Fighting
  1145 | D:2      | Reached XP level 4. HP: 33/33 MP: 0/0
  1238 | D:2      | Found a burning altar of Makhleb.
  1253 | D:2      | Became a worshipper of Makhleb the Destroyer
  1549 | D:3      | Reached skill level 1 in Invocations
  1549 | D:3      | Reached XP level 5. HP: 39/39 MP: 0/0
  1549 | D:3      | Learned a level 2 spell: Blink
  1711 | D:3      | Found a broken altar of Ashenzari.
  1715 | D:3      | Saw a vision of the Swamp and the Spider Nest.
  1715 | D:3      | Noticed a demonic crawler
  1715 | D:3      | Noticed a demonic crawler
  1715 | D:3      | Noticed a spriggan rider
  1715 | D:3      | Noticed a torpor snail
  1715 | D:3      | Noticed a fenstrider witch
  1715 | D:3      | Noticed a tyrant leech
  1716 | D:3      | Noticed a five-headed hydra
  1716 | D:3      | Noticed a jumping spider
  1716 | D:3      | Noticed a redback
  1717 | D:3      | Noticed a sun moth
  1717 | D:3      | Noticed a tentacled monstrosity
  1718 | D:3      | Noticed a swamp drake
  1785 | D:4      | Noticed Pikel
  1785 | D:4      | Noticed a lemure
  1785 | D:4      | Noticed a lemure
  1785 | D:4      | Noticed a lemure
  1785 | D:4      | Noticed a lemure
  1822 | D:3      | Reached skill level 3 in Fighting
  1822 | D:3      | Reached XP level 6. HP: 46/46 MP: 0/0
  1909 | D:4      | Reached * piety under Makhleb
  1992 | D:4      | Killed Pikel
  1993 | D:4      | Reached skill level 4 in Fighting
  1993 | D:4      | Reached XP level 7. HP: 42/52 MP: 0/0
  1993 | D:4      | Learned a level 3 spell: Inner Flame
  1993 | D:4      | Reached XP level 8. HP: 47/58 MP: 0/0
  2026 | D:4      | Found a sacrificial altar of Ru.
  2357 | D:4      | Noticed Grinder
  2454 | D:4      | Killed Grinder
  2455 | D:4      | Reached skill level 5 in Dodging
  2455 | D:4      | Reached skill level 5 in Spellcasting
  2455 | D:4      | Reached skill level 5 in Conjurations
  2455 | D:4      | Reached skill level 5 in Hexes
  2455 | D:4      | Reached skill level 5 in Summonings
  2455 | D:4      | Reached skill level 5 in Necromancy
  2455 | D:4      | Reached skill level 5 in Translocations
  2455 | D:4      | Reached skill level 5 in Fire Magic
  2455 | D:4      | Reached skill level 5 in Ice Magic
  2455 | D:4      | Reached skill level 5 in Air Magic
  2455 | D:4      | Reached skill level 5 in Earth Magic
  2455 | D:4      | Reached skill level 5 in Alchemy
  2901 | D:5      | Entered Level 5 of the Dungeon
  2953 | D:5      | Noticed Edmund
  2994 | D:5      | Found an opulent altar of Gozag.
  3081 | D:5      | Found a staircase to the Ecumenical Temple.
  3275 | D:5      | Found a glowing golden altar of the Shining One.
  3323 | D:5      | Reached skill level 5 in Fighting
  3404 | D:5      | Killed Edmund
  3405 | D:5      | Reached XP level 9. HP: 56/65 MP: 0/0
  3405 | D:5      | Learned a level 3 spell: Teleport Other
  3882 | D:6      | Reached skill level 5 in Invocations
  4003 | D:6      | Reached ** piety under Makhleb
  4149 | D:6      | Noticed Sigmund
  4180 | D:6      | Killed Sigmund
  4181 | D:6      | Reached skill level 6 in Fighting
  4494 | D:6      | Found a glowing silver altar of Zin.
  4670 | D:7      | Noticed Maggie
  4711 | D:7      | Noticed Joseph
  4750 | D:7      | Killed Maggie
  4889 | D:7      | Reached XP level 10. HP: 73/73 MP: 0/0
  4895 | D:7      | Reached skill level 1 in Armour
  5809 | D:8      | Reached skill level 7 in Fighting
  6016 | D:9      | Noticed a two-headed ogre
  6020 | D:9      | Killed a two-headed ogre
  6041 | D:9      | Reached *** piety under Makhleb
  6093 | D:9      | Found a staircase to the Lair.
  6105 | D:9      | Reached XP level 11. HP: 72/79 MP: 0/0
  6105 | D:9      | Learned a level 5 spell: Lee's Rapid Deconstruction
  6129 | D:9      | Found a flagged portal.
  6141 | Bailey   | Entered a bailey
  6284 | Bailey   | Reached **** piety under Makhleb
  6446 | Bailey   | Noticed an orc warlord
  6620 | Bailey   | Killed an orc warlord
  6621 | Bailey   | Reached skill level 8 in Fighting
  6821 | Bailey   | Acquired a manual of Fighting
  6826 | D:9      | Noticed a two-headed ogre
  6832 | D:9      | Killed a two-headed ogre
  7015 | D:9      | Reached skill level 5 in Armour
  7062 | D:9      | Found an iron altar of Okawaru.
  7097 | D:9      | Found a staircase to the Orcish Mines.
  7153 | D:9      | Found a sparkling altar of Nemelex Xobeh.
  7342 | D:9      | Found a basalt altar of Yredelemnul.
  7507 | D:9      | Found a hazy altar of Hepliaklqana.
  7536 | D:9      | Noticed a necromancer
  7594 | D:9      | Killed a necromancer
  7599 | D:9      | Reached skill level 9 in Fighting
  7682 | D:9      | Reached ***** piety under Makhleb
  7808 | D:9      | Found a staircase to the Lair.
  7839 | D:9      | Found a staircase to the Orcish Mines.
  7853 | D:9      | Found a basalt altar of Yredelemnul.
  7931 | D:9      | Found an iron altar of Okawaru.
  7995 | D:9      | Found a hazy altar of Hepliaklqana.
  8456 | D:9      | Found a sparkling altar of Nemelex Xobeh.
  8503 | Lair:1   | Entered Level 1 of the Lair of Beasts
  8548 | Lair:1   | Reached XP level 12. HP: 90/90 MP: 0/0
  8593 | Lair:1   | Reached skill level 10 in Fighting
  8898 | Lair:1   | Reached skill level 11 in Fighting
  8903 | Lair:1   | Found a dark tunnel.
  8919 | Volcano  | Entered a volcano
  9070 | Volcano  | Noticed a two-headed ogre
  9084 | Volcano  | Killed a two-headed ogre
  9119 | Volcano  | Noticed a two-headed ogre
  9120 | Volcano  | Noticed a two-headed ogre
  9120 | Volcano  | Noticed an ogre mage
  9130 | Volcano  | Killed a two-headed ogre
  9131 | Volcano  | Noticed a hell knight
  9135 | Volcano  | Killed an ogre mage
  9156 | Volcano  | Killed a two-headed ogre
  9177 | Volcano  | Killed a hell knight
  9246 | Volcano  | Noticed a soul eater
  9613 | Lair:2   | Reached XP level 13. HP: 98/100 MP: 0/0
  9613 | Lair:2   | Learned a level 5 spell: Summon Forest
 10114 | Lair:2   | Reached skill level 12 in Fighting
 10687 | Lair:3   | Noticed Urug
 10968 | Lair:2   | Killed Urug
 10969 | Lair:2   | Reached skill level 10 in Spellcasting
 10969 | Lair:2   | Reached skill level 10 in Conjurations
 10969 | Lair:2   | Reached skill level 10 in Hexes
 10969 | Lair:2   | Reached skill level 10 in Summonings
 10969 | Lair:2   | Reached skill level 10 in Necromancy
 10969 | Lair:2   | Reached skill level 10 in Translocations
 10969 | Lair:2   | Reached skill level 10 in Fire Magic
 10969 | Lair:2   | Reached skill level 10 in Ice Magic
 10969 | Lair:2   | Reached skill level 10 in Air Magic
 10969 | Lair:2   | Reached skill level 10 in Earth Magic
 10969 | Lair:2   | Reached skill level 10 in Alchemy
 11986 | Lair:3   | Reached skill level 13 in Fighting
 12161 | Lair:3   | Found a staircase to the Swamp.
 12218 | Lair:3   | Found a hole to the Spider Nest.
 12872 | Lair:4   | Noticed a four-headed hydra
 12877 | Lair:4   | Killed a four-headed hydra
 13013 | Lair:4   | Reached skill level 10 in Invocations
 13152 | Lair:4   | Reached skill level 14 in Fighting
 13363 | Lair:4   | Noticed a seven-headed hydra
 13374 | Lair:4   | Killed a seven-headed hydra
 13456 | Lair:4   | Noticed an eight-headed hydra
 13460 | Lair:4   | Killed an eight-headed hydra
 13461 | Lair:4   | Reached XP level 14. HP: 112/112 MP: 0/0
 13909 | Lair:5   | Entered Level 5 of the Lair of Beasts
 13971 | Lair:5   | Found a staircase to the Slime Pits.
 13971 | Lair:5   | Found a viscous altar of Jiyva.
 14426 | Lair:5   | Reached ****** piety under Makhleb
 14427 | Lair:5   | Reached skill level 15 in Fighting
 15537 | Lair:5   | Reached XP level 15. HP: 109/120 MP: 0/0
 15537 | Lair:5   | Learned a level 6 spell: Eringya's Noxious Bog
 15817 | D:7      | Killed Joseph
 15974 | D:10     | Entered Level 10 of the Dungeon
 16087 | D:10     | Reached skill level 1 in Shields
 17162 | D:11     | Noticed Josephine
 17170 | D:11     | Killed Josephine
 18378 | D:12     | Found a gate leading to a gauntlet.
 18406 | Gauntlet | Entered a Gauntlet
 18406 | Gauntlet | Found a transporter.
 18406 | Gauntlet | Found a transporter.
 18418 | Gauntlet | Found a transporter.
 18435 | Gauntlet | Found a transporter.
 18435 | Gauntlet | Found a transporter.
 18440 | Gauntlet | Found a transporter.
 18440 | Gauntlet | Found a transporter.
 18459 | Gauntlet | Found a transporter.
 18464 | Gauntlet | Found a runed translucent door.
 18471 | Gauntlet | Found a transporter.
 18481 | Gauntlet | Found a transporter.
 18495 | Gauntlet | Found a transporter.
 18512 | Gauntlet | Found a transporter.
 18517 | Gauntlet | Found a transporter.
 18534 | Gauntlet | Found a transporter.
 18664 | Gauntlet | HP: 1/96 [translucent stone wall collision (19)]
 18665 | Gauntlet | Collided with a translucent stone wall

Illustrated notes

Levels and vault maps discovered:
D:1:      ldierk_walled_garden_2, layout_basic,
          ebering_ecumenical_altar_sacrificial, minivault_25
D:2:      layout_rooms, basic_altar
D:3:      layout_rooms, grunt_ashenzari_visionary
          [grunt_ashenzari_visionary_swamp, grunt_ashenzari_visionary_spider],
          nicolae_kikubaaqudgha_miasma_corner, mainiacjoe_overflow_alcove_1
D:4:      layout_cave_pods, nicolae_ru_path_of_blood, kennysheep_orc_chapel,
          uniq_pikel, uniq_grinder
D:5:      layout_gridville, mainiacjoe_overflow_alcove_2, kennysheep_mini,
          minmay_temple_entry_stoned_glass, uniq_edmund
D:6:      layout_basic, marbit_many_paths, uniq_sigmund
D:7:      layout_basic, uniq_maggie, uniq_joseph
D:8:      layout_loops_ring, st_stairs_3
D:9:      layout_long_grid, general_overflow_altar,
          mainiacjoe_overflow_small_starburst, lemuel_coloured_pillars_altar,
          okawaru_gym_becter, dpeg_oklobed_lair, david_orc_3,
          lightli_bailey_entry_fortress, library_closet, eino_house_with_fridge
D:10:     nicolae_whirlpool, layout_cave_pools
D:11:     layout_basic, minmay_microvault, uniq_josephine
D:12:     layout_irregular_city, gauntlet_entry_generic,
          ploomutoo_gammafunk_ghost_potion_laboratory,
          kennysheep_generic_room_16, uniq_psyche
Lair:1:   layout_cellular_growth, nicolae_volcano_entry_two_sided,
          grunt_megastairs_1, lemuel_fruit_tree
Lair:2:   layout_layer_cave
Lair:3:   layout_roguey, nicolae_swamp_entry_splash_gauntlet,
          hellmonk_spider_entry_life_and_decay, serial_bayou_shore_a, uniq_urug
Lair:4:   layout_regular_city
Lair:5:   hangedman_lair_in_review, layout_regular_city, slime_entry_1,
          eino_small_chamber_without_monster
Gauntlet: gammafunk_gauntlet_mixed_choke_point [minmay_gauntlet_arena_77_mirror,
          minmay_gauntlet_arena_77_fan, minmay_gauntlet_arena_77_checkered,
          gammafunk_gauntlet_arena_spirals, minmay_gauntlet_arena_77_path,
          minmay_gauntlet_arena_77_hold_the_fort,
          minmay_gauntlet_arena_77_braids, dreamdust_gauntlet_exit_labyrinth]

Skill      XL: |  1  2  3  4  5  6  7  8  9 10 11 12 13 14 15 |
---------------+----------------------------------------------+-----
Fighting       | 1 2 3 4 5 6 7 9 11 14 15 | 15.4
Invocations    | 1 3 4 5 7 8 10 11 12 | 12.0
Dodging        | 3 4 5 6 8 |  8.0
Spellcasting   | 4 5 6 7 8 9 11 12 | 12.9
Conjurations   | 4 5 6 7 8 9 11 12 | 12.9
Hexes          | 4 5 6 7 8 9 11 12 | 12.9
Summonings     | 4 5 6 7 8 9 11 12 | 12.9
Necromancy     | 4 5 6 7 8 9 11 12 | 12.9
Translocations | 4 5 6 7 8 9 11 12 | 12.9
Fire Magic     | 4 5 6 7 8 9 11 12 | 12.9
Ice Magic      | 4 5 6 7 8 9 11 12 | 12.9
Air Magic      | 4 5 6 7 8 9 11 12 | 12.9
Earth Magic    | 4 5 6 7 8 9 11 12 | 12.9
Alchemy        | 4 5 6 7 8 9 11 12 | 12.9
Armour         | 3 5 7 8 |  8.0
Shields        | 4 |  4.5
Stealth        | |  1.5

Action                     |  1- 3 |  4- 6 |  7- 9 | 10-12 | 13-15 || total
---------------------------+-------+-------+-------+-------+-------++-------
   Cast: Shock             |    77 |    66 |    29 |       |       ||   172
         Swiftness         |       |     1 |       |     1 |     1 ||     3
         Airstrike         |       |    11 |    82 |   377 |   450 ||   920
         Summon Forest     |       |       |       |       |    19 ||    19
         Teleport Other    |       |       |       |       |     6 ||     6
         Lee's Rapid Decon |       |       |       |       |    49 ||    49
 Invoke: Lesser Servant of |       |       |       |     3 |     7 ||    10
    Use: Scroll            |       |       |     5 |     8 |     6 ||    19
         Potion            |       |       |       |       |     1 ||     1
 Armour: Robe              |     7 |     4 |     7 |       |       ||    18
         Steam dragon scal |       |       |       |    24 |       ||    24
         Acid dragon scale |       |       |       |       |    54 ||    54
         Troll leather arm |       |       |       |       |    11 ||    11
  Dodge: Dodged            |     8 |     9 |    14 |    57 |   116 ||   204
